Workbook
Name CRONOGRAMA: [1]ORÇAMENTO!$1:$1048576
Name MDC: MDC!$1:$1048576
Name orça: [2]ORÇAMENTO!$1:$1048576
Name orçamento: ORÇAM.APLIC.!$1:$1048576
Name TRANSP: ORÇAM.TRANSP.!$1:$1048576

Sheet ORÇAM.TRANSP.
A1: PREFEITURA DE CONCEIÇÃO DO CASTELO
A3: Av. José Grilo, 426 - Centro
A4: Conceição do Castelo - ES - CEP 29370-000
A5: Telefone (28) 3547-1101
A7: PLANILHA ORÇAMENTÁRIA
A9: Obra | C9: RECUPERAÇÃO DE ESTRADA VICINAL - 1ª META
A10: Contrato | C10: MAPA86144/2017 - Operação: 1046765-21 | J10: =H21+ORÇAM.APLIC.!I31 -> 280227.14 | K10: TOTAL
A11: Local | C11: ESTRADA COMUNIDADE BARRO BRANCO x TINGUÁ x RIBEIRÃO DE SANTA TEREZA, CONCEIÇÃO DO CASTELO/ES | J11: 243750 | K11: REPASSE
A12: Referencial de preços | C12: COTAÇÃO DE PREÇO | I12: =J12/J11 -> 0.14964981 | J12: =J10-J11 -> 36477.14 | K12: CONTRAP.
A13: Orçamentista | C13: ALEX NALI FERREIRA
A15: ITEM | B15: FONTE | C15: CÓDIGO | D15: ESPECIFICAÇÃO | E15: CONTRATADO
E16: UNID. | F16: QUANT. | G16: VALOR | H16: VALOR TOTAL
G17: UNITÁRIO
A18: 1 | D18: TRANSPORTE | H18: =SUM(H19) -> 169868.73
A19: 01.01 | B19: Cotação | C19: C01 | D19: Prestação de serviço de transporte de material REVSOL, da sede da ArcelorMittal Tubarão, até o município de Conceição do Castelo/ES. | E19: t | F19: =MDC!E22/2 -> 2886.96 | G19: 58.84 | H19: =ROUND(F19*G19,2) -> 169868.73
A21: TOTAL | H21: =H18 -> 169868.73
A22: OBS: diante do termo de compromisso (anexo) entre a prefeitura e a ArcelorMittal, que fará o transporte, até o local da mistura em Conceição do Castelo, de metade da quantidade de REVSOL necessário para conclusão da obra, foi considerado no orçamento a outra metade do quantitativo necessário.
A26: Alex Nali Ferreira
A27: Engenheiro Civil PMCC - CREA ES-039390/D

Sheet ORÇAM.APLIC.
A1: PREFEITURA DE CONCEIÇÃO DO CASTELO
A3: Av. José Grilo, 426 - Centro
A4: Conceição do Castelo - ES - CEP 29370-000
A5: Telefone (28) 3547-1101
A7: PLANILHA ORÇAMENTÁRIA
A9: Obra | C9: RECUPERAÇÃO DE ESTRADA VICINAL - 2ª META
A10: Contrato | C10: MAPA86144/2017 - Operação: 1046765-21
A11: Local | C11: ESTRADA COMUNIDADE BARRO BRANCO x TINGUÁ x RIBEIRÃO DE SANTA TEREZA, CONCEIÇÃO DO CASTELO/ES
A12: Referencial de preços | C12: SICRO2
A13: Data base | C13: MAIO/2018
A14: BDI | C14: =BDI!C37 -> 0.2564
A15: Encargos Sociais (DNIT) | C15: 90,43% (hora)
A16: Orçamentista | C16: ALEX NALI FERREIRA
A18: ITEM | B18: FONTE | C18: CÓDIGO | D18: ESPECIFICAÇÃO | E18: CONTRATADO
E19: UNID. | F19: QUANT. | G19: VALOR UNIT. | H19: VALOR | I19: VALOR TOTAL
G20: SEM BDI | H20: UNITÁRIO
A21: 1 | D21: SRVIÇOS PRELIMINARES | I21: =SUM(I22) -> 1083.9
A22: 01.01 | B22: SINAPI | C22: 74209/001 | D22: Placa de obra em chapa de aco galvanizado | E22: m² | F22: =VLOOKUP(A22,MDC,3,0) -> 2.5 | G22: 345.08 | H22: =ROUND(G22*(1+$C$14),2) -> 433.56 | I22: =ROUND(F22*H22,2) -> 1083.9
A23: 2 | D23: TRANSPORTE | I23: =SUM(I24:I25) -> 49322.36
A24: 02.01 | B24: DNIT | C24: 4915737 | D24: Remoção mecanizada de barreira em solo | E24: m³ | F24: =VLOOKUP(A24,MDC,3,0) -> 627.6 | G24: 5.69 | H24: =ROUND(J24*(1+$C$14),2) -> 4.51 | I24: =ROUND(F24*H24,2) -> 2830.48 | J24: 3.59
A25: 02.02 | B25: DNIT | C25: 5914389 | D25: Transporte com caminhão basculante de 10 m³ - rodovia pavimentada | E25: t.km | F25: =VLOOKUP(A25,MDC,3,0) -> 74986.9 | G25: 0.59 | H25: =ROUND(J25*(1+$C$14),2) -> 0.62 | I25: =ROUND(F25*H25,2) -> 46491.88 | J25: 0.49 | K25: 55490.31 | L25: =K25-I25 -> 8998.43
A26: 3 | D26: PAVIMENTAÇÃO | I26: =SUM(I27) -> 57237.12
A27: 03.01 | B27: Composição | C27: CPU 01 | D27: Execução e aplicação na pista da mistura REVSOL 0 - 19mm 80% e Solo 20% | E27: m³ | F27: =VLOOKUP(A27,MDC,3,0) -> 3138 | G27: ='CPU 01'!G33 -> 14.52 | H27: =ROUND(G27*(1+$C$14),2) -> 18.24 | I27: =ROUND(F27*H27,2) -> 57237.12
A28: 4 | D28: ADMINISTRAÇÃO LOCAL | I28: =SUM(I29) -> 2715.03
A29: 04.01 | B29: Composição | C29: CPU 02 | D29: Administração Local | E29: und | F29: 1 | G29: ='CPU 02'!G9:H9 -> 2160.96 | H29: =ROUND(G29*(1+$C$14),2) -> 2715.03 | I29: =ROUND(F29*H29,2) -> 2715.03 | K29: =I29/I31 -> 0.024601931
A31: TOTAL | I31: =SUM(I21,I23,I26,I28) -> 110358.41
A33: ¹ O item ADMINISTRAÇÃO LOCAL será medido proporcionalmente ao avanço da obra.
A37: Alex Nali Ferreira
A38: Engenheiro Civil PMCC - CREA ES-039390/D

Sheet MDC
A1: MEMÓRIA DE CÁLCULO
A2: Obra: | B2: Recuperação de Estrada Vicinal
A3: Endereço: | B3: Estrada Comunidade Barro Branco x Tinguá x Ribeirão de Santa Teresa
A7: =ORÇAM.APLIC.!A21 -> 1 | B7: =VLOOKUP(A7,orçamento,4,0) -> SRVIÇOS PRELIMINARES
A8: =ORÇAM.APLIC.!A22 -> 01.01 | B8: =VLOOKUP(A8,orçamento,4,0) -> Placa de obra em chapa de aco galvanizado | C8: =E11 -> 2.5 | D8: =VLOOKUP(A8,orçamento,5,0) -> m² | E8: OBS: Placa com as informações da obra/convênio
B10: Dimensões | C10: comprimento (m) | D10: altura (m) | E10: área (m²)
C11: 2 | D11: 1.25 | E11: =ROUND(C11*D11,2) -> 2.5
B14: QUADRO DE QUANTIDADES
B15: LOCAL DE APLICAÇÃO | C15: Comprimento (m) | D15: Largura média (m) | E15: Espessura (m) | F15: Volume (m³) | G15: Material
B16: Comunidade Barro Branco x Tinguá x Ribeirão de Santa Teresa | C16: 5230 | D16: 5 | E16: =0.8*0.12 -> 0.096 | F16: =ROUND(C16*D16*E16,2) -> 2510.4 | G16: REVSOL 0 a 19mm (80%)
C17: 5230 | D17: 5 | E17: =0.2*0.12 -> 0.024 | F17: =ROUND(C17*D17*E17,2) -> 627.6 | G17: Solo - Argila (20%)
D18: TOTAL = | E18: =SUM(E16:E17) -> 0.12
B20: DEMONSTRATIVO DAS QUANTIDADES DE TRANSPORTE DE MATERIAIS DE PAVIMENTAÇÃO
B21: MATERIAIS | C21: Volume (m³) | D21: Densidade (t/m³) | E21: Peso Total (t) | F21: Origem | G21: Destino
B22: REVSOL 0 a 19mm | C22: =F16 -> 2510.4 | D22: 2.3 | E22: =ROUND(C22*D22,2) -> 5773.92 | F22: ArcelorMittal (Serra/ES) | G22: Centro de Eventos Sanfonão
B23: Solo - Argila (local) | C23: =F17 -> 627.6 | D23: 1.6 | E23: =ROUND(C23*D23,2) -> 1004.16 | F23: Centro de Eventos Sanfonão | G23: Centro de Eventos Sanfonão
B24: Mistura DE 80% de REVSOL e 20% de Solo | C24: =ROUND(E24/D24,2) -> 3080.95 | D24: 2.2 | E24: =SUM(E22:E23) -> 6778.08 | F24: Centro de Eventos Sanfonão | G24: Obra
A27: =ORÇAM.APLIC.!A23 -> 2 | B27: =VLOOKUP(A27,orçamento,4,0) -> TRANSPORTE
A28: =ORÇAM.APLIC.!A24 -> 02.01 | B28: =VLOOKUP(A28,orçamento,4,0) -> Remoção mecanizada de barreira em solo | C28: =C30 -> 627.6 | D28: =VLOOKUP(A28,orçamento,5,0) -> m³ | E28: OBS: Remoção mecanizada de argila em barranco
B30: Volume de escavação mecanizada = | C30: =F17 -> 627.6 | D30: m³
A32: =ORÇAM.APLIC.!A25 -> 02.02 | B32: =VLOOKUP(A32,orçamento,4,FALSE) -> Transporte com caminhão basculante de 10 m³ - rodovia pavimentada | C32: =E37 -> 74986.9 | D32: =VLOOKUP(A32,orçamento,5,0) -> t.km | E32: OBS: Transporte do solo/argila dentro do Centro de Eventos Sanfonão, e posterior transporte da Mistura REVSOL 80% e Argila 20% ao local onde será aplicado.
B34: Material | C34: Peso (t) | D34: Distância (km) | E34: Quantitativo(t.km) | F34: Origem | G34: Destino
B35: Solo - Argila (local) | C35: =E23 -> 1004.16 | D35: 1 | E35: =ROUND(C35*D35,2) -> 1004.16 | F35: Centro de Eventos Sanfonão | G35: Centro de Eventos Sanfonão
B36: Mistura DE 80% de REVSOL e 20% de Solo | C36: =E24 -> 6778.08 | D36: =C41 -> 10.915 | E36: =ROUND(C36*D36,2) -> 73982.74 | F36: Centro de Eventos Sanfonão | G36: Obra
D37: TOTAL = | E37: =SUM(E35:E36) -> 74986.9
B39: disância do depósito ao início da pavimentação = | C39: 8.3 | D39: km
B40: distância do início da pavimentção ao seu ponto médio = | C40: =5.23/2 -> 2.615 | D40: km
B41: total = | C41: =SUM(C39:C40) -> 10.915 | D41: km
A43: =ORÇAM.APLIC.!A26 -> 3 | B43: =VLOOKUP(A43,orçamento,4,0) -> PAVIMENTAÇÃO
A44: =ORÇAM.APLIC.!A27 -> 03.01 | B44: =VLOOKUP(A44,orçamento,4,FALSE) -> Execução e aplicação na pista da mistura REVSOL 0 - 19mm 80% e Solo 20% | C44: =F47 -> 3138 | D44: =VLOOKUP(A44,orçamento,5,0) -> m³ | E44: OBS: Execução da pavimentação.
B46: LOCAL DE APLICAÇÃO | C46: Comprimento (m) | D46: Largura média (m) | E46: Espessura (m) | F46: área total (m²)
B47: Comunidade Barro Branco x Tinguá x Ribeirão de Santa Teresa | C47: 5230 | D47: 5 | E47: 0.12 | F47: =ROUND(C47*D47*E47,2) -> 3138
C51: Alex Nali Ferreira
C52: Engenheiro Civil
C53: CREA-ES 039390/D

Sheet CPU 01
A1: COMPOSIÇÃO DE PREÇO UNITÁRIO
A2: CPU 01 | B2: Execução e aplicação na pista da mistura REVSOL 0 - 19mm 80% e Solo 20% | G2: Unidade: | H2: m³
A3: OBS: Composição feita com base dos serviços 41364, 41098, 41406, 41100 do DER/ES, data base janeiro/2018 com desoneração. Ambas apresentam mesmos índices de Equipamentos e Mão-de-Obra.
A4: (A)Equipamento | B4: Código padrão | C4: Quantidade | D4: Ut. Pr | E4: ut. Impr | F4: Vl. Hr. Prod | G4: Vl. Hr. Imp | H4: Custo Horário
A5: Caminhão tanque L 1319/48 PBT=12,9t (6.000L) | B5: 30007 | C5: 1 | D5: 1 | E5: 0 | F5: 148.76 | G5: 41.69 | H5: =ROUND(C5*(D5*F5+E5*G5),2) -> 148.76
A6: Conjunto moto bomba diam. 4" | B6: 30080 | C6: 1 | D6: 0.5 | E6: 0.5 | F6: 15.915 | G6: 10.43 | H6: =ROUND(C6*(D6*F6+E6*G6),2) -> 13.17
A7: Grade de disco GA-24x24 (TATU) ou equivalente | B7: 30054 | C7: 2 | D7: 0.6 | E7: 0.4 | F7: 14.96 | G7: 13.51 | H7: =ROUND(C7*(D7*F7+E7*G7),2) -> 28.76
A8: Motoniveladora Caterpillar modelo 120K ( cab + ar + ríper) ou equivalente | B8: 30022 | C8: 1 | D8: 1 | E8: 0 | F8: 232.68 | G8: 78.02 | H8: =ROUND(C8*(D8*F8+E8*G8),2) -> 232.68
A9: Rolo AP liso de aço CA 2505 STD Dynapac ou equivalente | B9: 30038 | C9: 1 | D9: 0.3 | E9: 0.7 | F9: 169.5 | G9: 51.24 | H9: =ROUND(C9*(D9*F9+E9*G9),2) -> 86.72
A10: Trator agrícola MF 297/4 -4 X 4 (MASSEY FERGUSSON) ou equivalente | B10: 30030 | C10: 2 | D10: 0.6 | E10: 0.4 | F10: 108.36 | G10: 27.23 | H10: =ROUND(C10*(D10*F10+E10*G10),2) -> 151.82
G11: (A)Total: | H11: =SUM(H5:H10) -> 661.91
A13: (B)Mão-de-Obra | B13: Código padrão | C13: Eq. Salarial | D13: Encargos(%) | E13: Sal/Hora | F13: Consumo | H13: Custo Horário
A14: Encarregado de pista | B14: 20063 | C14: 2.26 | D14: 128.33 | E14: 22.505 | F14: 0.5 | H14: =ROUND(E14*F14,2) -> 11.25
A15: Greidista | B15: 20088 | C15: 1.24 | D15: 128.33 | E15: 12.35 | F15: 1 | H15: =ROUND(E15*F15,2) -> 12.35
A16: Servente | B16: 20002 | C16: 1.02 | D16: 128.33 | E16: 10.16 | F16: 4 | H16: =ROUND(E16*F16,2) -> 40.64
G17: (B)Total: | H17: =SUM(H14:H16) -> 64.24
A19: (C)Itens de Incidência | B19: Código padrão | C19: % | D19: M. O. | E19: Equip. | F19: Mat. | G19: Custo
G20: (C)Total: | H20: 0
A23: Custo Horário da Execução (A) + (B) + (C) | G23: =H11+H17 -> 726.15
A24: (D) Produção da Equipe | G24: 50
A25: (E) Custo Unitário da Execução [(A) + (B) + (C)] / (D) | G25: =ROUND(G23/G24,2) -> 14.52
A27: (F)Materiais | B27: Código padrão | C27: unid. | D27: Custo Unitário | F27: Consumo | G27: Custo Unitário
G28: (F)Total: | H28: 0
A30: (G)Serviços | B30: Código padrão | C30: unid. | D30: Custo Unitário | F30: Consumo | G30: Custo Unitário
G31: (G)Total: | H31: 0
A33: Custo Direto Total (E) + (F) + (G) | G33: =G25+H28+H31 -> 14.52
A34: BDI:29,63% | E34: BDI: | F34: =BDI!C37 -> 0.2564 | G34: =ROUND(G33*F34,2) -> 3.72
A35: Preço Unitário Total | G35: =G33+G34 -> 18.24

Sheet CPU 02
A1: COMPOSIÇÃO DE PREÇO UNITÁRIO
A2: CPU 02 | B2: Administração local | G2: Unidade: | H2: und
A4: (B)Mão-de-Obra | B4: Código padrão | C4: Eq. Salarial | D4: Encargos(%) | E4: Sal/Hora | F4: Consumo | H4: Custo Horário
A5: Encarregado de pista | B5: 20063 | C5: 2.26 | D5: 128.33 | E5: 22.51 | F5: =12*8 -> 96 | H5: =ROUND(E5*F5,2) -> 2160.96
G6: (B)Total: | H6: =SUM(H5:H5) -> 2160.96
A9: Custo Direto Tota | G9: =H6 -> 2160.96
A10: BDI:29,63% | E10: BDI: | F10: =ORÇAM.APLIC.!C14 -> 0.2564 | G10: =ROUND(G9*F10,2) -> 554.07
A11: Preço Unitário Total | G11: =G9+G10 -> 2715.03

Sheet BDI
A1: DETALHAMENTO DO BDI
A3: PROPONENTE: | B3: Prefeitura de Conceição do Castelo
A4: OBRA: | B4: Recuperação de Estrada Vicinal
A5: CONTRATO: | B5: 1046.765-21
A7: 1. Regime de Contribuição Previdenciária
B9: Com Desoneração
A11: 2. Tipo de Intervenção
B13: Rodovias e Ferrovias
A15: 3. Incidências sobre o custo
B17: Administração Central - AC | C17: 3.5 | D17: %
B18: Riscos - R | C18: 0.5 | D18: %
B19: Seguros e Garantias Contratuais - S+G | C19: 0.5 | D19: %
B20: Despesas e Encargos Financeiros - DF | C20: 0.4 | D20: %
B22: Lucro - L | C22: 4 | D22: %
A24: 4 – Incidências sobre o preço de venda
B26: Despesas Tributárias - I | C26: =C29+C31+C32+C33 -> 13.15 | D26: %
B28: Percentual da base de cálculo para o ISS: | C28: 100 | D28: %
B29: Alíquota do ISS (sobre a base de cálculo): | C29: 5 | D29: %
B31: COFINS | C31: 3 | D31: %
B32: PIS | C32: 0.65 | D32: %
B33: INSS | C33: =IF(B9="Com Desoneração",4.5,0) -> 4.5 | D33: %
A35: 5 – Demonstrativo de cálculo do BDI
B37: BDI= (1+(AC+S+R+G))(1+DF)(1+L)) -1 = | C37: =ROUND((((1+($C$17/100)+($C$19/100)+($C$18/100))*(1+($C$20/100))*(1+($C$22/100)))/(1-$C$26/100)-1),4) -> 0.2564 | E37: =[3]Auxiliar!A17 -> Atende
B38: ( 1- I )
A40: Declaro para os devidos fins que, conforme legislação tributária municipal, a base de cálculo
A41: =CONCATENATE("do ISS para ", B13," é de ",C28," %",", com a respectiva alíquota de ",C29," %") -> do ISS para Rodovias e Ferrovias é de 100 %, com a respectiva alíquota de 5 %
A43: Declaro para os devidos fins que o regime de Contribuição Previdenciária adotado para
A44: =CONCATENATE("elaboração do orçamento foi ",B9,", e que esta é a alternativa mais adequada para ") -> elaboração do orçamento foi Com Desoneração, e que esta é a alternativa mais adequada para
A45: a Administração Pública.
A49: Eng./Arq. | B49: Alex Nali Ferreira
A50: CREA/CAU: | B50: CREA ES-039390/D
B55: Responsável Tomador
A56: Nome | B56: Christiano Spadetto
A57: Cargo | B57: Prefeito

Sheet CRONOG.1ªM
A1: PREFEITURA MUNICIPAL DE CONCEIÇÃO DO CASTELO
A2: OBRA: | B2: RECUPERAÇÃO DE ESTRADA VICINAL - 1ª META
A3: LOCAL: | B3: ESTRADA COMUNIDADE TAQUARUSSU X RIBEIRÃO DE SANTA TERESA, CONCEIÇÃO DO CASTELO/ES
A4: PRAZO DA OBRA: 90 DIAS
A5: CRONOGRAMA FÍSICO-FINANCEIRO
A6: ITEM | B6: DESCRIÇÃO | C6: VALOR DO ITEM | D6: PESO DO ITEM | E6: MÊS 01 | F6: MÊS 02 | G6: MÊS 03 | H6: TOTAL | J6: MÊS 01 | K6: MÊS 02 | L6: MÊS 03
A7: =ORÇAM.TRANSP.!A18 -> 1 | B7: =VLOOKUP(A7,TRANSP,4,FALSE) -> TRANSPORTE | C7: =VLOOKUP(A7,TRANSP,8,0) -> 169868.73 | D7: =C7/$C$9 -> 1 | E7: =(E8/$C$7) -> 0.33333333 | F7: =(F8/$C$7) -> 0.33333333 | G7: =(G8/$C$7) -> 0.33333333 | H7: =SUM(E7:G7) -> 1 | J7: =E7*$D7 -> 0.33333333 | K7: =F7*$D7 -> 0.33333333 | L7: =G7*$D7 -> 0.33333333
E8: =$C$7/3 -> 56622.91 | F8: =$C$7/3 -> 56622.91 | G8: =$C$7/3 -> 56622.91 | H8: =SUM(E8:G8) -> 169868.73
A9: TOTAL | C9: =SUM(C7:C8) -> 169868.73 | D9: =SUM(D7:D8) -> 1
A10: PORCENTAGEM EXECUTADA NO MÊS | D10: $ | E10: =SUM(J7:J8) -> 0.33333333 | F10: =SUM(K7:K8) -> 0.33333333 | G10: =SUM(L7:L8) -> 0.33333333 | H10: =SUM(E10:G10) -> 1
A11: VALOR DO SERVIÇO EXECUTADO NO MÊS | D11: R$ | E11: =E10*$C$9 -> 56622.91 | F11: =F10*$C$9 -> 56622.91 | G11: =G10*$C$9 -> 56622.91
A12: PORCENTAGEM ACUMULADA | D12: $ | E12: =E10 -> 0.33333333 | F12: =F10+E12 -> 0.66666667 | G12: =G10+F12 -> 1
A13: VALOR ACUMULADO DOS SERVIÇOS EXECUTADOS | D13: R$ | E13: =E11 -> 56622.91 | F13: =F11+E13 -> 113245.82 | G13: =G11+F13 -> 169868.73
C17: Alex Nali Ferreira
C18: Engenheiro Civil
C19: CREA ES-039390/D

Sheet CRONOG.2ªM
A1: PREFEITURA MUNICIPAL DE CONCEIÇÃO DO CASTELO
A2: OBRA: | B2: RECUPERAÇÃO DE ESTRADA VICINAL - 2ª META
A3: LOCAL: | B3: ESTRADA COMUNIDADE TAQUARUSSU X RIBEIRÃO DE SANTA TERESA, CONCEIÇÃO DO CASTELO/ES
A4: PRAZO DA OBRA: 180 DIAS
A5: CRONOGRAMA FÍSICO-FINANCEIRO
A6: ITEM | B6: DESCRIÇÃO | C6: VALOR DO ITEM | D6: PESO DO ITEM | E6: MÊS 04 | F6: MÊS 05 | G6: MÊS 06 | H6: MÊS 07 | I6: MÊS 08 | J6: MÊS 09 | K6: TOTAL | M6: MÊS 01 | N6: MÊS 02 | O6: MÊS 03 | P6: MÊS 04 | Q6: MÊS 05 | R6: MÊS 06
A7: 1 | B7: =VLOOKUP(A7,orçamento,4,FALSE) -> SRVIÇOS PRELIMINARES | C7: =VLOOKUP(A7,orçamento,9,0) -> 1083.9 | D7: =C7/$C$15 -> 0.0098216348 | E7: 1 | K7: =SUM(E7:J7) -> 1 | M7: =E7*$D7 -> 0.0098216348 | N7: =F7*$D7 -> 0 | O7: =G7*$D7 -> 0 | P7: =H7*$D7 -> 0 | Q7: =I7*$D7 -> 0 | R7: =J7*$D7 -> 0
E8: =ROUND(E7*$D7*$C$15,2) -> 1083.9 | K8: =SUM(E8:J8) -> 1083.9
A9: 2 | B9: =VLOOKUP(A9,orçamento,4,FALSE) -> TRANSPORTE | C9: =VLOOKUP(A9,orçamento,9,0) -> 49322.36 | D9: =C9/$C$15 -> 0.44692887 | E9: 0.1665 | F9: 0.1667 | G9: 0.1667 | H9: 0.1667 | I9: 0.1667 | J9: 0.1667 | K9: =SUM(E9:J9) -> 1 | M9: =E9*$D9 -> 0.074413658 | N9: =F9*$D9 -> 0.074503043 | O9: =G9*$D9 -> 0.074503043 | P9: =H9*$D9 -> 0.074503043 | Q9: =I9*$D9 -> 0.074503043 | R9: =J9*$D9 -> 0.074503043
E10: =E9*$C$9 -> 8212.1729 | F10: =F9*$C$9 -> 8222.0374 | G10: =G9*$C$9 -> 8222.0374 | H10: =H9*$C$9 -> 8222.0374 | I10: =I9*$C$9 -> 8222.0374 | J10: =J9*$C$9 -> 8222.0374 | K10: =SUM(E10:J10) -> 49322.36
A11: 3 | B11: =VLOOKUP(A11,orçamento,4,FALSE) -> PAVIMENTAÇÃO | C11: =VLOOKUP(A11,orçamento,9,0) -> 57237.12 | D11: =C11/$C$15 -> 0.51864756 | E11: 0.1665 | F11: 0.1667 | G11: 0.1667 | H11: 0.1667 | I11: 0.1667 | J11: 0.1667 | K11: =SUM(E11:J11) -> 1 | M11: =E11*$D11 -> 0.086354819 | N11: =F11*$D11 -> 0.086458548 | O11: =G11*$D11 -> 0.086458548 | P11: =H11*$D11 -> 0.086458548 | Q11: =I11*$D11 -> 0.086458548 | R11: =J11*$D11 -> 0.086458548
E12: =E11*$C$11 -> 9529.9805 | F12: =F11*$C$11 -> 9541.4279 | G12: =G11*$C$11 -> 9541.4279 | H12: =H11*$C$11 -> 9541.4279 | I12: =I11*$C$11 -> 9541.4279 | J12: =J11*$C$11 -> 9541.4279 | K12: =SUM(E12:J12) -> 57237.12
A13: 4 | B13: =VLOOKUP(A13,orçamento,4,FALSE) -> ADMINISTRAÇÃO LOCAL | C13: =VLOOKUP(A13,orçamento,9,0) -> 2715.03 | D13: =C13/$C$15 -> 0.024601931 | E13: 0.175 | F13: 0.165 | G13: 0.165 | H13: 0.165 | I13: 0.165 | J13: 0.165 | K13: =SUM(E13:J13) -> 1 | M13: =E13*$D13 -> 0.0043053379 | N13: =F13*$D13 -> 0.0040593186 | O13: =G13*$D13 -> 0.0040593186 | P13: =H13*$D13 -> 0.0040593186 | Q13: =I13*$D13 -> 0.0040593186 | R13: =J13*$D13 -> 0.0040593186
E14: =E13*$C$13 -> 475.13025 | F14: =F13*$C$13 -> 447.97995 | G14: =G13*$C$13 -> 447.97995 | H14: =H13*$C$13 -> 447.97995 | I14: =I13*$C$13 -> 447.97995 | J14: =J13*$C$13 -> 447.97995 | K14: =SUM(E14:J14) -> 2715.03
A15: TOTAL | C15: =SUM(C7:C14) -> 110358.41 | D15: =SUM(D7:D14) -> 1
A16: PORCENTAGEM EXECUTADA NO MÊS | D16: $ | E16: =SUM(M7:M14) -> 0.17489545 | F16: =SUM(N7:N14) -> 0.16502091 | G16: =SUM(O7:O14) -> 0.16502091 | H16: =SUM(P7:P14) -> 0.16502091 | I16: =SUM(Q7:Q14) -> 0.16502091 | J16: =SUM(R7:R14) -> 0.16502091 | K16: =SUM(E16:J16) -> 1
A17: VALOR DO SERVIÇO EXECUTADO NO MÊS | D17: R$ | E17: =E16*$C$15 -> 19301.184 | F17: =F16*$C$15 -> 18211.445 | G17: =G16*$C$15 -> 18211.445 | H17: =H16*$C$15 -> 18211.445 | I17: =I16*$C$15 -> 18211.445 | J17: =J16*$C$15 -> 18211.445
A18: PORCENTAGEM ACUMULADA | D18: $ | E18: =E16 -> 0.17489545 | F18: =F16+E18 -> 0.33991636 | G18: =G16+F18 -> 0.50493727 | H18: =H16+G18 -> 0.66995818 | I18: =I16+H18 -> 0.83497909 | J18: =J16+I18 -> 1
A19: VALOR ACUMULADO DOS SERVIÇOS EXECUTADOS | D19: R$ | E19: =E17 -> 19301.184 | F19: =F17+E19 -> 37512.629 | G19: =G17+F19 -> 55724.074 | H19: =H17+G19 -> 73935.519 | I19: =I17+H19 -> 92146.965 | J19: =J17+I19 -> 110358.41
C23: Alex Nali Ferreira
C24: Engenheiro Civil
C25: CREA ES-039390/D

Sheet CRONOG.GERAL
A1: PREFEITURA MUNICIPAL DE CONCEIÇÃO DO CASTELO
A2: OBRA: | B2: RECUPERAÇÃO DE ESTRADA VICINAL
A3: LOCAL: | B3: ESTRADA COMUNIDADE TAQUARUSSU X RIBEIRÃO DE SANTA TERESA, CONCEIÇÃO DO CASTELO/ES
A4: PRAZO DA OBRA: 90 DIAS
A5: CRONOGRAMA GLOBAL
A6: ITEM | B6: DESCRIÇÃO | C6: VALOR DO ITEM | D6: PESO DO ITEM | E6: MÊS 01 | F6: MÊS 02 | G6: MÊS 03 | H6: MÊS 04 | I6: MÊS 05 | J6: MÊS 06 | K6: MÊS 07 | L6: MÊS 08 | M6: MÊS 09 | N6: TOTAL
A7: =ORÇAM.TRANSP.!A18 -> 1 | B7: 1ª META | C7: ='CRONOG.1ªM'!G13 -> 169868.73 | D7: =C7/$C$11 -> 0.60618229 | E7: ='CRONOG.1ªM'!E10 -> 0.33333333 | F7: ='CRONOG.1ªM'!F10 -> 0.33333333 | G7: ='CRONOG.1ªM'!G10 -> 0.33333333 | N7: =SUM(E7:M7) -> 1
E8: ='CRONOG.1ªM'!E11 -> 56622.91 | F8: ='CRONOG.1ªM'!F11 -> 56622.91 | G8: ='CRONOG.1ªM'!G11 -> 56622.91 | N8: =SUM(E8:M8) -> 169868.73
A9: 2 | B9: 2ª META | C9: ='CRONOG.2ªM'!J19 -> 110358.41 | D9: =C9/$C$11 -> 0.39381771 | H9: ='CRONOG.2ªM'!E16 -> 0.17489545 | I9: ='CRONOG.2ªM'!F16 -> 0.16502091 | J9: ='CRONOG.2ªM'!G16 -> 0.16502091 | K9: ='CRONOG.2ªM'!H16 -> 0.16502091 | L9: ='CRONOG.2ªM'!I16 -> 0.16502091 | M9: ='CRONOG.2ªM'!J16 -> 0.16502091 | N9: =SUM(E9:M9) -> 1
H10: ='CRONOG.2ªM'!E17 -> 19301.184 | I10: ='CRONOG.2ªM'!F17 -> 18211.445 | J10: ='CRONOG.2ªM'!G17 -> 18211.445 | K10: ='CRONOG.2ªM'!H17 -> 18211.445 | L10: ='CRONOG.2ªM'!I17 -> 18211.445 | M10: ='CRONOG.2ªM'!J17 -> 18211.445 | N10: =SUM(E10:M10) -> 110358.41
A11: TOTAL | C11: =SUM(C7:C10) -> 280227.14 | D11: =SUM(D7:D10) -> 1
A12: PORCENTAGEM EXECUTADA NO MÊS | D12: $ | E12: =E7*$D$7 -> 0.20206076 | F12: =F7*$D$7 -> 0.20206076 | G12: =G7*$D$7 -> 0.20206076 | H12: =H9*$D$9 -> 0.068876925 | I12: =I9*$D$9 -> 0.064988157 | J12: =J9*$D$9 -> 0.064988157 | K12: =K9*$D$9 -> 0.064988157 | L12: =L9*$D$9 -> 0.064988157 | M12: =M9*$D$9 -> 0.064988157 | N12: =SUM(E12:M12) -> 1
A13: VALOR DO SERVIÇO EXECUTADO NO MÊS | D13: R$ | E13: =ROUND(E12*$C$11,2) -> 56622.91 | F13: =ROUND(F12*$C$11,2) -> 56622.91 | G13: =ROUND(G12*$C$11,2) -> 56622.91 | H13: =ROUND(H12*$C$11,2) -> 19301.18 | I13: =ROUND(I12*$C$11,2) -> 18211.45 | J13: =ROUND(J12*$C$11,2) -> 18211.45 | K13: =ROUND(K12*$C$11,2) -> 18211.45 | L13: =ROUND(L12*$C$11,2) -> 18211.45 | M13: =ROUND(M12*$C$11,2) -> 18211.45
A14: PORCENTAGEM ACUMULADA | D14: $ | E14: =E12 -> 0.20206076 | F14: =F12+E12 -> 0.40412153 | G14: =G12+F12 -> 0.40412153 | H14: =H12+G12 -> 0.27093769 | I14: =I12+H12 -> 0.13386508 | J14: =J12+I12 -> 0.12997631 | K14: =K12+J12 -> 0.12997631 | L14: =L12+K12 -> 0.12997631 | M14: =M12+L12 -> 0.12997631
A15: VALOR ACUMULADO DOS SERVIÇOS EXECUTADOS | D15: R$ | E15: =E13 -> 56622.91 | F15: =F13+E15 -> 113245.82 | G15: =G13+F15 -> 169868.73 | H15: =H13+G15 -> 189169.91 | I15: =I13+H15 -> 207381.36 | J15: =J13+I15 -> 225592.81 | K15: =K13+J15 -> 243804.26 | L15: =L13+K15 -> 262015.71 | M15: =M13+L15 -> 280227.16
F20: Alex Nali Ferreira
F21: Engenheiro Civil
F22: CREA ES-039390/D
L25: convênio | M25: 243750
L26: contrapartida | M26: 10000 | N26: 0.041025641
J27: 36562.5 | L27: total | M27: 253750
L28: diferença | M28: 36550.72
M29: 0.14995167
